 Dungeon Crawl Stone Soup version 0.23.1 (webtiles) character file.

Game seed: 6283263870300286949

48 Borgoz the Sneak (level 3, 0/27 HPs)
             Began as a Ghoul Enchanter on Mar 13, 2019.
             Killed from afar by Robin (6 damage)
             ... with a wand of flame (11)
             ... on level 3 of the Dungeon.
             The game lasted 00:02:54 (1679 turns).

Borgoz the Sneak (Ghoul Enchanter)                  Turns: 1679, Time: 00:02:54

Health: 0/27       AC: 10    Str: 11    XL:     3   Next: 72%
Magic:  5/5        EV:  5    Int: 10    God:
Gold:   31         SH:  0    Dex: 10    Spells: 5/6 levels left

rFire    . . .     SeeInvis .   h - +1 short sword
rCold    + . .     Gourm    .   (no shield)
rNeg     + + +     Faith    .   g - +0 chain mail
rPois    ∞         Spirit   .   a - +1 helmet
rElec    .         Reflect  .   (no cloak)
rCorr    .         Harm     .   (no gloves)
MR       .....                  (no boots)
Stlth    ..........             (no amulet)
HPRegen  0.00/turn              i - ring of attention (curse)
MPRegen  0.09/turn              (no ring)

@: rotting
A: rotting body, claws 1, carnivore, cold resistance 1, negative energy
resistance 3, inhibited regeneration, torment resistance, unbreathing
a: no special abilities


You were on level 3 of the Dungeon.
You were not hungry.

You visited 1 branch of the dungeon, and saw 3 of its levels.

You collected 31 gold pieces.

Inventory:

Hand Weapons
 h - a +1 short sword (weapon)
Missiles
 j - 6 needles of sleeping
Armour
 a - a +1 helmet (worn)
 g - a +0 chain mail (worn)
Jewellery
 i - a cursed ring of attention (left claw)
 l - an uncursed amulet of regeneration {unknown}
Scrolls
 c - 2 scrolls of immolation
 e - 3 scrolls of enchant armour
 f - a scroll of noise {unknown}
 k - a scroll of remove curse {unknown}
 m - a scroll of random uselessness {unknown}
 n - a scroll of identify {unknown}
Comestibles
 b - 4 chunks of flesh
 d - 4 rations


   Skills:
 + Level 0.4 Fighting
 + Level 1.4 Short Blades
 + Level 0.8 Armour
 + Level 2.1 Dodging
 + Level 3.6 Stealth
 + Level 2.0 Spellcasting
 + Level 2.8 Hexes


You had 5 spell levels left.
You knew the following spells:

 Your Spells              Type           Power        Failure   Level  Hunger
a - Corona                Hex            #......      99%         1    ##.....

Your spell library contained the following spells:

 Spells                   Type           Power        Failure   Level  Hunger
 Ensorcelled Hibernation  Hex/Ice        #.....       100%        2    ###....
 Confuse                  Hex            #.......     100%        3    ####...
 Dazzling Spray           Conj/Hex       #.....       100%        3    ####...
 Tukima's Dance           Hex            #.......     100%        3    ####...


Dungeon Overview and Level Annotations

Branches:
Dungeon (3/15)

Altars:
Cheibriados
Nemelex Xobeh

Annotations:
D:2 Sigmund
D:3 Robin


Innate Abilities, Weirdness & Mutations

Your body is rotting away.
You thrive on raw meat.
You are immune to poison.
You have sharp fingernails.
You are carnivorous and can eat meat at any time.
Your flesh is cold resistant. (rC+)
You are immune to negative energy. (rN+++)
You do not regenerate when monsters are visible.
You are immune to unholy pain and torment.
You can survive without breathing.


Message History

You closely miss Robin.
Robin is heavily wounded.
Robin roars a battlecry!
The goblin goes into a battle-frenzy!
The goblin hits you but does no damage.
You hit Robin.
Robin is heavily wounded.
The goblin hits you. Robin hits you with a +1 vampiric whip.
You hit Robin.
Robin is almost dead.
The goblin hits you.
* * * LOW HITPOINT WARNING * * *
You hit Robin but do no damage.
Robin is almost dead.
The goblin hits you but does no damage.
You hit Robin.
Robin is almost dead.
The goblin hits you but does no damage.
Robin zaps a wand.
The puff of flame hits you.
You die...

#)#.# ##.#.###
#......#
#.##.#.#..
#.##.#.#|g
#.##...#.g
#.####.#.# #.#
#g#.# #.# #@#.#
#.# #g#.##.g#.
#gg..g....
#.....gg.......
######.#.##.##.
..#.# # .###..
#. ### #


You could see Robin, 3 hobgoblins and 2 goblins.

Vanquished Creatures
  An adder (D:2)
  3 leopard geckos
  An orc (D:3)
  4 bats
  4 goblins
  3 hobgoblins
  6 jackals
  3 frilled lizards (D:1)
  4 kobolds
  4 rats
33 creatures vanquished.

Notes
Turn   | Place    | Note
-------+----------+-------------------------------------------
     0 | D:1      | Borgoz the Ghoul Enchanter began the quest for the Orb.
     0 | D:1      | Reached XP level 1. HP: 14/14 MP: 2/2
    88 | D:1      | Reached skill level 1 in Short Blades
    88 | D:1      | Reached XP level 2. HP: 10/20 MP: 3/3
   462 | D:1      | Found a sparkling altar of Nemelex Xobeh.
  1016 | D:2      | Noticed Sigmund
  1080 | D:2      | Reached XP level 3. HP: 8/25 MP: 5/5
  1501 | D:3      | Found a snail-covered altar of Cheibriados.
  1653 | D:3      | Noticed Robin
  1679 | D:3      | Killed from afar by Robin

Skill      XL: |  1  2  3 |
---------------+----------+-----
Short Blades   | 1 |  1.4
Spellcasting   | 2 |  2.0
Dodging        | 2 |  2.1
Fighting       | |  0.4
Armour         | |  0.8
Stealth        | |  3.6
Hexes          | |  2.8

Action                   || total
-------------------------++-------
Melee: Dagger            ||    53
       Short sword       ||   129
  Use: Scroll            ||     3
       Potion            ||     1
 Stab: Sleeping          ||     1
  Eat: Chunk             ||     8
Armor: Robe              ||     9
       Chain mail        ||   135
Dodge: Dodged            ||    72
